 Dungeon Crawl Stone Soup version 0.28-a0-381-g937acc2988 (webtiles) character file.

Game seed: 9103493604822850068

87 Archison the Sneak (level 4, -5/21 HPs)
             Began as a Spriggan Enchanter on Sept 1, 2021.
             Killed by divine providence
             ... invoked by an orc priest
              (17 damage)
             ... on level 3 of the Dungeon.
             The game lasted 00:10:30 (3484 turns).

Archison the Sneak (Spriggan Enchanter)             Turns: 3484, Time: 00:10:31

Health: -5/21      AC:  2    Str:  4    XL:     4   Next: 28%
Magic:  2/10       EV: 17    Int: 17    God:
Gold:   73         SH:  0    Dex: 15    Spells: 8/10 levels left

rFire   + . .      SeeInvis +   a - +1 dagger
rCold   + . .      Faith    .   (shield restricted)
rNeg    . . .      Spirit   .   b - +0 robe
rPois   .          Reflect  .   (helmet restricted)
rElec   .          Harm     .   (no cloak)
rCorr   .          Rampage  .   (gloves unavailable)
Will    .....                   (boots unavailable)
Stlth   +++.......              (no amulet)
HPRegen 0.07/turn               l - ring of protection from fire
MPRegen 0.12/turn               m - ring of protection from cold

@: very quick
A: very small, no large weapons, unfitting armour, see invisible, speed 3
a: no special abilities


You were on level 3 of the Dungeon.
You visited 1 branch of the dungeon, and saw 3 of its levels.

You collected 73 gold pieces.

Inventory:

Hand Weapons
 a - a +1 dagger (weapon)
Armour
 b - a +0 robe (worn)
Jewellery
 l - a ring of protection from fire (left hand)
 m - a ring of protection from cold (right hand)
 o - a ring of poison resistance
 p - a ring of wizardry
Scrolls
 d - a scroll of blinking {unknown}
 e - 2 scrolls of teleportation
 f - a scroll of enchant armour {unknown}
 h - a scroll of brand weapon {unknown}
 i - 2 scrolls of identify {unknown}
 n - a scroll of magic mapping {unknown}
Potions
 c - a potion of invisibility
 g - a potion of berserk rage {unknown}
 j - a potion of attraction {unknown}
 k - a potion of degeneration {unknown}


   Skills:
 + Level 0.3 Fighting
 + Level 1.4 Short Blades
 + Level 3.1 Dodging
 + Level 5.6 Stealth
 + Level 3.6 Spellcasting
 + Level 4.3 Hexes
 + Level 0.4 Ice Magic


You had 8 spell levels left.
You knew the following spells:

 Your Spells              Type           Power      Damage    Failure   Level
a - Ensorcelled Hibernat  Hex/Ice        22%        N/A       10%         2

Your spell library contained the following spells:

 Spells                   Type           Power      Damage    Failure   Level
 Confusing Touch          Hex            17%        N/A       9%          3
 Tukima's Dance           Hex            17%        N/A       9%          3
 Dazzling Flash           Conj/Hex       20%        N/A       21%         3


Dungeon Overview and Level Annotations

Branches:
Dungeon (3/15)

Altars:

Shops:
D:2 *


Innate Abilities, Weirdness & Mutations

You are very small and have problems with some larger weapons.
You are too small for most types of armour.
You have supernaturally acute eyesight. (SInv)
You cover ground extremely quickly. (Speed+++)


Message History

Aiming: Ensorcelled Hibernation (safe; 10% risk of failure)
Press: ? - help, Shift-Dir - straight line, f - orc priest
Aim: an orc priest, wielding a +0 hand axe and wearing a +0 leather armour (chance to affect: 42%)
Okay, then.
An orc comes into view. It is wielding a +0 whip.
Casting: Ensorcelled Hibernation (safe; 10% risk of failure)
Confirm with . or Enter, or press ? or * to list all spells.
Aiming: Ensorcelled Hibernation (safe; 10% risk of failure)
Press: ? - help, Shift-Dir - straight line, f - orc priest
Aim: an orc priest, wielding a +0 hand axe and wearing a +0 leather armour (chance to affect: 42%)
The orc priest resists with some effort.
An orc comes into view. It is wielding a +0 war axe.
Casting: Ensorcelled Hibernation (safe; 10% risk of failure)
Confirm with . or Enter, or press ? or * to list all spells.
Aiming: Ensorcelled Hibernation (safe; 10% risk of failure)
Press: ? - help, Shift-Dir - straight line, f/p - orc priest
Aim: an orc priest, wielding a +0 hand axe and wearing a +0 leather armour (chance to affect: 42%)
The orc priest resists with some effort.
The orc priest mumbles some strange prayers to Beogh against you.
Pain shoots through your body!
Casting: Ensorcelled Hibernation (safe; 10% risk of failure)
Confirm with . or Enter, or press ? or * to list all spells.
Aiming: Ensorcelled Hibernation (safe; 10% risk of failure)
Press: ? - help, Shift-Dir - straight line, f/p - orc priest
Aim: an orc priest, wielding a +0 hand axe and wearing a +0 leather armour (chance to affect: 42%)
The orc priest resists with some effort.
Casting: Ensorcelled Hibernation (safe; 10% risk of failure)
Confirm with . or Enter, or press ? or * to list all spells.
Aiming: Ensorcelled Hibernation (safe; 10% risk of failure)
Press: ? - help, Shift-Dir - straight line, f/p - orc priest
Aim: an orc priest, wielding a +0 hand axe and wearing a +0 leather armour (chance to affect: 42%)
The orc priest resists with some effort.
The orc priest calls down the wrath of Beogh upon you.
Pain shoots through your body!
The orc wizard gestures wildly while chanting.
The orc wizard flickers and vanishes for a moment.
The orc priest invokes the aid of Beogh against you.
Beogh smites you!
Ouch! That really hurt!
You die...

.............##.....###.#
...............##..## #.#
.................### #.#
..(................# #.#
...............##### #.#
..############## #.# ..#
#.# ..#
#################.# ..#
o..o.o.o..@.......# ###
.##################


You could see an orc priest and 2 orcs.

Vanquished Creatures
  A gnoll (D:1)
  A howler monkey skeleton (D:3)
  2 adders
  A worm (D:3)
  3 orcs
  4 bats (D:1)
  2 endoplasms
  6 giant cockroaches
  4 goblins
  2 hobgoblins
  6 kobolds
  3 quokkas
  A ball python (D:2)
  A frilled lizard (D:2)
  6 rats
43 creatures vanquished.

Notes
Turn   | Place    | Note
-------+----------+-------------------------------------------
     0 | D:1      | Archison the Spriggan Enchanter began the quest for the
                  | Orb.
     0 | D:1      | Reached XP level 1. HP: 9/9 MP: 5/5
   271 | D:1      | Reached skill level 5 in Stealth
   271 | D:1      | Reached XP level 2. HP: 13/13 MP: 6/6
   314 | D:1      | Learned a level 2 spell: Ensorcelled Hibernation
   740 | D:1      | Reached XP level 3. HP: 16/16 MP: 0/8
  1007 | D:2      | Found Zaticirgh's Assorted Antiques.
  2598 | D:3      | Reached XP level 4. HP: 21/21 MP: 10/10
  3484 | D:3      | Killed from afar by an orc priest

Illustrated notes

Levels and vault maps discovered:
D:1:      minmay_arrival_nine_rooms, layout_rooms, minmay_worlds_worst_comb
D:2:      layout_loops_cross, serial_shops, shop, minmay_circle_x
D:3:      layout_basic, hangedman_decor_peaks_small

Skill      XL: |  1  2 |
---------------+-------+-----
Stealth        | 5 |  5.6
Hexes          | 4 |  4.3
Spellcasting   | 3 |  3.6
Dodging        | 3 |  3.1
Fighting       | |  0.3
Short Blades   | |  1.4
Ice Magic      | |  0.4

Action                   |  1- 3 |  4- 6 || total
-------------------------+-------+-------++-------
Melee: Dagger            |   137 |    14 ||   151
 Cast: Ensorcelled Hiber |    43 |    16 ||    59
  Use: Scroll            |       |     1 ||     1
 Stab: Sleeping          |    26 |     8 ||    34
Armor: Robe              |    20 |     2 ||    22
Dodge: Dodged            |   131 |     6 ||   137

Table legend: (Time is in decaauts)
 A = Elapsed time spent in this place.
 B = Non-inter-level travel time spent in this place.
 C = Inter-level travel time spent in this place.
 D = Time resting spent in this place.
 E = Time spent auto-exploring this place.
 F = Levels seen in this place.
 G = Mean time per level.
                   A        B        C        D        E       F      G
               +--------+--------+--------+--------+--------+-----+--------+
         Total |   2738 |   2702 |     36 |    972 |   1053 |   3 |  912.7 |
       Dungeon |   2738 |   2702 |     36 |    972 |   1053 |   3 |  912.7 |
               +--------+--------+--------+--------+--------+-----+--------+

Top non-repeatable levels by time:
     D:3: 1035 daAuts
     D:2: 855 daAuts
     D:1: 847 daAuts
